 Dungeon Crawl Stone Soup version 0.19-a0-1071-g4ed3155 (webtiles) character file.

1929 Gagarin the Chiller (level 8, -7/94 HPs)
             Began as a Pale Draconian Ice Elementalist on Aug 5, 2016.
             Was a Follower of Sif Muna.
             Killed by nerve-wracking pain
             ... invoked by Grinder
              (8 damage)
             ... while paralysed by Grinder
             ... on level 6 of the Dungeon.
             The game lasted 00:29:01 (7410 turns).

Gagarin the Chiller (DrIE)                          Turns: 7410, Time: 00:29:02

Health: -7/94      AC:  6    Str: 16    XL:     8   Next: 97%
Magic:  5/17       EV:  2    Int: 17    God:    Sif Muna [*.....]
Gold:   257        SH:  0    Dex: 12    Spells: 5 memorised, 8 levels left

rFire  . . .     SeeInvis .     s - +3 scythe (venom)
rCold  . . .     Gourm    .     (armour unavailable)
rNeg   . . .     Faith    .     (shield currently unavailable)
rPois  .         Spirit   .     (helmet restricted)
rElec  .         Dismiss  .     (no cloak)
rCorr  .         Reflect  .     (no gloves)
SustAt .         Harm     .     (no boots)
MR     .....                    (no amulet)
Stlth  ..........               (no ring)
                                j - ring of wizardry

@: paralysed, berserking (expiring)
A: breathe steam, unfitting armour, cold-blooded, AC +6
a: Breathe Steam, Divine Energy, Renounce Religion


You were on level 6 of the Dungeon.
You worshipped Sif Muna.
Sif Muna was aware of your devotion.
You were not hungry.

You visited 1 branch of the dungeon, and saw 6 of its levels.

You collected 257 gold pieces.

Inventory:

Hand Weapons
 s - a +3 scythe of venom (weapon)
Jewellery
 j - a ring of wizardry (left hand)
 C - an uncursed amulet of guardian spirit {unknown}
Wands
 c - a wand of polymorph (15/24)
Scrolls
 d - a scroll of enchant weapon {unknown}
 e - 3 scrolls of identify
 f - 5 scrolls of remove curse
 i - 2 scrolls of random uselessness {unknown}
 k - 3 scrolls of amnesia {unknown}
 m - a scroll of immolation {unknown}
 n - 2 scrolls of fear {unknown}
 r - 3 scrolls of teleportation {unknown}
 v - 2 scrolls of enchant armour {unknown}
 x - a scroll of noise {unknown}
 y - a scroll of recharging {unknown}
 B - a scroll of magic mapping {unknown}
Potions
 h - 3 potions of curing {unknown}
 l - a potion of berserk rage
 o - 2 potions of flight {unknown}
 q - 3 potions of brilliance {unknown}
 t - a potion of invisibility {unknown}
 w - a potion of agility {unknown}
 z - a potion of mutation {unknown}
 A - a potion of lignification {unknown}
 E - a potion of heal wounds {unknown}
Books
 a - a book of Frost

   Spells                             Type                      Level
   a - Freeze                         Ice                          1
   b - Throw Frost                    Conjuration/Ice              2
   c - Ozocubu's Armour               Charms/Ice                   3
   d - Throw Icicle                   Conjuration/Ice              4
   e - Summon Ice Beast               Ice/Summoning                4
 p - Sif Muna's Disquisition on Transmigration
   (You found it on level 4 of the Dungeon)

   Spells                             Type                      Level
   a - Beastly Appendage              Transmutation                1
Comestibles
 b - 3 bread rations
 g - 2 beef jerkies
 u - a meat ration
 D - a chunk of flesh


   Skills:
 + Level 3.1 Fighting
 + Level 2.3 Polearms
 + Level 4.2 Dodging
 + Level 3.3 Stealth
 + Level 6.1 Spellcasting
 + Level 2.2 Conjurations
 + Level 1.0 Charms
 + Level 1.1 Summonings
 + Level 0.8 Transmutations
 + Level 7.0 Ice Magic


You had 8 spell levels left.
You knew the following spells:

 Your Spells              Type           Power        Failure   Level  Hunger
a - Freeze                Ice            ####         1%          1    None
b - Throw Frost           Conj/Ice       ###...       1%          2    None
c - Ozocubu's Armour      Chrm/Ice       ###.....     4%          3    ##.....
d - Beastly Appendage     Tmut           #.....       4%          1    None
e - Summon Ice Beast      Ice/Summ       ###.....     10%         4    ####...


Dungeon Overview and Level Annotations

Branches:
Dungeon (6/15)
 Temple: D:4-7

Altars:
Ashenzari
Cheibriados
Dithmenos
Elyvilon
Gozag
Kikubaaqudgha
Makhleb
Okawaru
Sif Muna
Vehumet

Annotations:
D:6 Grinder


Innate Abilities, Weirdness & Mutations

You can breathe blasts of scalding, opaque steam.
Your pale cyan-grey scales are hard. (AC +6)
Your body does not fit into most forms of armour.
You are cold-blooded and may be slowed by cold attacks.


Message History

Grinder hits you.
* * * LOW HITPOINT WARNING * * *
You writhe in agony.
* * * LOW HITPOINT WARNING * * *
You barely miss Grinder. You tail-slap Grinder.
Grinder is severely wounded.
Grinder closely misses you.
You barely miss Grinder.
Grinder is severely wounded.
Grinder gestures at you.
You suddenly lose the ability to move!
Grinder gestures at you.
You struggle to resist.
Grinder hits you!
* * * LOW HITPOINT WARNING * * *
You writhe in agony.
* * * LOW HITPOINT WARNING * * *
Grinder gestures at you. Pain shoots through your body!
You die...

....# ..z ...# ### ....#
...! #..# #.. ....#
.z..##..# #.. ..<.#
z...... #. ....# ....# ..
#. ...####### #..####+##
....##.
...##....#######.........
.......
.........#......5z.......
...###
.........#....##@.###..##
#. .........#...
#..###+### #.
.........#.>...#........#
#.
...##....#.....'........+
#.
...##....###..##.......##
## ...##....####
#...##..#########.
..........# #...#
####........
..........+...##...#
#........
...##+######..##...#
#.....##.


You could see Grinder and a wight.

Vanquished Creatures
  The ghost of braks the Skirmisher, an amateur DsMo of Uskayaw (D:4)
  Edmund (D:6)
  2 ice beasts (D:5)
  The ghost of eragonby the Pure, an amateur DsAK of Lugonu (D:3)
  A centaur (D:5)
  2 crimson imps
  2 orc priests (D:3)
  2 giant frog skeletons
  A hound (D:5)
  A jelly (D:5)
  2 orc wizards
  2 iguanas
  3 worker ants
  A hound skeleton (D:5)
  7 gnolls
  13 adders
  An ooze (D:2)
  2 adder skeletons
  4 worms
  2 dart slugs (D:2)
  5 giant geckos
  16 orcs
  5 bats
  4 giant cockroaches
  4 goblins
  8 hobgoblins
  2 quokkas
  2 ball pythons
  3 giant newts
  12 kobolds
  A rat (D:2)
113 creatures vanquished.

Vanquished Creatures (collateral kills)
  Pikel (D:4)
  Sigmund (D:4)
  A sky beast (D:6)
  An ogre (D:5)
  2 orc priests (D:5)
  5 orcs
11 creatures vanquished.

Vanquished Creatures (others)
  3 orcs (D:4)
3 creatures vanquished.

Grand Total: 127 creatures vanquished

Notes
Turn   | Place    | Note
-------+----------+-------------------------------------------
     0 | D:1      | Gagarin the Draconian Ice Elementalist began the quest for the Orb.
     0 | D:1      | Reached XP level 1. HP: 14/14 MP: 3/3
    69 | D:1      | Found an iron altar of Okawaru.
   156 | D:1      | Reached XP level 2. HP: 11/20 MP: 1/5
   307 | D:1      | Learned a level 2 spell: Throw Frost
   668 | D:1      | Reached XP level 3. HP: 26/26 MP: 6/6
  1351 | D:2      | Reached skill level 4 in Ice Magic
  1360 | D:2      | Reached XP level 4. HP: 34/34 MP: 5/7
  1474 | D:2      | Found a shadowy altar of Dithmenos.
  2006 | D:2      | Learned a level 3 spell: Ozocubu's Armour
  2303 | D:3      | Found a white marble altar of Elyvilon.
  2342 | D:3      | Reached skill level 1 in Fighting
  2342 | D:3      | Reached XP level 5. HP: 40/40 MP: 2/9
  2697 | D:3      | Noticed eragonby's ghost (amateur DsAK)
  2897 | D:4      | Found an ancient bone altar of Kikubaaqudgha.
  2979 | D:4      | Noticed Sigmund
  3610 | D:3      | Killed eragonby's ghost
  3610 | D:3      | Reached XP level 6. HP: 35/47 MP: 0/11
  4017 | D:4      | Noticed braks's ghost (amateur DsMo)
  4225 | D:4      | Killed braks's ghost
  4225 | D:4      | Reached skill level 5 in Ice Magic
  4355 | D:4      | Found an opulent altar of Gozag.
  4364 | D:4      | Your scales start taking on a pale cyan-grey colour.
  4364 | D:4      | Reached XP level 7. HP: 39/53 MP: 11/13
  4665 | D:4      | Found a radiant altar of Vehumet.
  4669 | D:4      | Found a deep blue altar of Sif Muna.
  4676 | D:4      | Identified Sif Muna's Disquisition on Transmigration
  4678 | D:4      | Became a worshipper of Sif Muna the Loreminder
  4682 | D:4      | Learned a level 1 spell: Beastly Appendage
  4688 | D:4      | Learned a level 4 spell: Summon Ice Beast
  4712 | D:4      | Found a burning altar of Makhleb.
  4713 | D:4      | Found a snail-covered altar of Cheibriados.
  5009 | D:4      | Noticed Pikel
  5025 | D:4      | Killed Pikel
  5025 | D:4      | Reached skill level 1 in Polearms
  5025 | D:4      | Reached skill level 5 in Spellcasting
  5365 | D:4      | Killed Sigmund
  5365 | D:4      | Reached skill level 1 in Summonings
  5365 | D:4      | Reached XP level 8. HP: 56/62 MP: 4/15
  5381 | D:5      | Entered Level 5 of the Dungeon
  5688 | D:5      | Found a shattered altar of Ashenzari.
  5704 | D:5      | Reached * piety under Sif Muna
  5704 | D:5      | Reached skill level 1 in Charms
  5704 | D:5      | Reached skill level 6 in Ice Magic
  7116 | D:6      | Noticed Edmund
  7127 | D:6      | Killed Edmund
  7363 | D:6      | Noticed Grinder
  7365 | D:6      | Reached skill level 7 in Ice Magic
  7407 | D:6      | Paralysed by Grinder for 7 turns
  7409 | D:6      | HP: 1/94 [Grinder (4)]
  7410 | D:6      | Killed from afar by Grinder

Vault maps used:
D:1:      kennysheep_arrival_seaside, fountainhead, grunt_decor_mini_mirrors,
          okawaru_ov_weapons_minmay
D:2:      grunt_dithmenos_smoke_and_mirrors, minmay_parallelograms
D:3:      elyvilon_altar_5, first_bread
D:4:      grunt_temple_overflow_magic_moments, gammafunk_temple_overflow_statue,
          kennysheep_little_box, serial_park_tiny_2, uniq_pikel, uniq_sigmund
D:5:      cheibrodos_ashenzari_chains
D:6:      gup_sewer_entry_pipe, uniq_edmund, uniq_grinder

Skill      XL: |  1  2  3  4  5  6  7  8 |
---------------+-------------------------+-----
Dodging        | 2 3 4 |  4.2
Stealth        | 2 3 |  3.3
Ice Magic      | 4 5 7 |  7.0
Fighting       | 1 2 3 |  3.1
Spellcasting   | 3 4 5 6 |  6.1
Polearms       | 1 2 |  2.3
Summonings     | 1 |  1.1
Charms         | 1 |  1.0
Conjurations   | 2 |  2.2
Transmutations | |  0.8

Action                   |  1- 3 |  4- 6 |  7- 9 || total
-------------------------+-------+-------+-------++-------
Melee: Falchion          |    28 |       |       ||    28
       Spear             |    45 |    51 |       ||    96
       Tailslap          |     3 |     6 |     6 ||    15
       Halberd           |       |    52 |    20 ||    72
       Scythe            |       |       |    82 ||    82
 Cast: Freeze            |    32 |    56 |    18 ||   106
       Throw Frost       |     4 |    27 |    38 ||    69
       Ozocubu's Armour  |       |     5 |     7 ||    12
       Beastly Appendage |       |       |     5 ||     5
       Summon Ice Beast  |       |       |    14 ||    14
 Abil: Breathe Steam     |       |       |     4 ||     4
  Use: Potion            |       |     1 |     1 ||     2
       Scroll            |       |       |     2 ||     2
 Stab: Sleeping          |     1 |     3 |     2 ||     6
       Distracted        |       |       |     1 ||     1
  Eat: Chunk             |     2 |    12 |     9 ||    23
       Meat ration       |       |       |     1 ||     1
Armor: Skin              |    27 |    34 |    38 ||    99
Dodge: Dodged            |    53 |    80 |    80 ||   213
